 Dungeon Crawl Stone Soup version 0.21.0-3-g78d12a8 (webtiles) character file.

79 Diojeanne the Chopper (level 4, 0/41 HPs)
             Began as a Minotaur Berserker on Jan 12, 2018.
             Was a Believer of Trog.
             Slain by an orc priest
             ... wielding a +0 long sword
              (10 damage)
             ... on level 3 of the Dungeon.
             The game lasted 00:09:12 (1054 turns).

Diojeanne the Chopper (Minotaur Berserker)          Turns: 1054, Time: 00:09:12

Health: 0/41       AC:  2    Str: 23    XL:     4   Next: 16%
Magic:  3/3        EV: 12    Int:  4    God:    Trog [**....]
Gold:   94         SH:  0    Dex:  9    Spells: 3/3 levels left

rFire    . . .     SeeInvis .   a - +0 hand axe
rCold    . . .     Gourm    .   (no shield)
rNeg     . . .     Faith    .   b - +0 animal skin
rPois    .         Spirit   .   (helmet restricted)
rElec    .         Reflect  .   (no cloak)
rCorr    .         Harm     .   (no gloves)
MR       .....                  (no boots)
Stlth    +.........             (no amulet)
HPRegen  0.13/turn              (no ring)
MPRegen  0.08/turn              (no ring)

@: no status effects
A: retaliatory headbutt, horns 2
a: Berserk, Trog's Hand, Burn Spellbooks, Renounce Religion


You were on level 3 of the Dungeon.
You worshipped Trog.
Trog was pleased with you.
You were hungry.

You visited 1 branch of the dungeon, and saw 3 of its levels.

You collected 94 gold pieces.

Inventory:

Hand Weapons
 a - a +0 hand axe (weapon)
 i - a +0 hunting sling
 o - a +0 hunting sling
Missiles
 d - 73 stones (quivered)
Armour
 b - a +0 animal skin (worn)
Wands
 m - a wand of acid (7)
Scrolls
 g - 2 scrolls of identify {unknown}
 h - a scroll of teleportation {unknown}
 j - a scroll of immolation {unknown}
 n - a scroll of blinking {unknown}
Potions
 e - a potion of mutation {unknown}
 k - 2 potions of lignification {unknown}
 l - a potion of agility {unknown}
Comestibles
 c - 5 rations
 f - 3 chunks of flesh


   Skills:
 * Level 4.4 Fighting
 * Level 4.4 Axes
 + Level 1.1 Throwing
 * Level 3.6 Armour
 - Level 2.2 Dodging


You had 3 spell levels left.
You didn't know any spells.

Dungeon Overview and Level Annotations

Branches:
Dungeon (3/15)

Altars:

Annotations:
D:2 Sigmund


Innate Abilities, Weirdness & Mutations

You reflexively headbutt those who attack you in melee.
You have a pair of horns on your head.


Message History

The stone hits the orc priest but does no damage.
The orc priest invokes the aid of Beogh against you.
You barely resist.
Throwing (i - inventory):
d - 74 stones (quivered)
Press: ? - help, Shift-Dir - straight line, f/p - orc priest
Aim: an orc priest, wielding a long sword and wearing a chain mail You throw a stone.
The stone barely misses the orc priest.
The orc priest calls down the wrath of Beogh upon you.
Pain shoots through your body!
* * * LOW HITPOINT WARNING * * *
The orc priest hits you with a long sword!
* * * LOW HITPOINT WARNING * * *
You hit the orc priest.
You headbutt the orc priest, but do no damage.
The orc priest is moderately wounded.
You are feeling hungry.
You hit the orc priest but do no damage.
The orc priest is moderately wounded.
The orc priest hits you with a long sword!
You die...

..# #.##......# ..#
#.##......# ..#
#.#####.######## ..#
#.## #.# #...# ....
.... #..####.####...#
.... ....
##...##.#......#
..... #...##.#.$....#
.....
#...##.#......#......
#...##@####...#......
#...#..o......(......
#...#................
#........(...$.......
#....................
#...$................
#...#......(.........
#####.>..............
#...........#####


You could see an orc priest.

Vanquished Creatures
  2 adders
  3 oozes
  2 dart slugs (D:1)
  3 leopard geckos
  An orc (D:3)
  2 giant cockroaches (D:2)
  4 goblins
  9 hobgoblins
  2 jackals (D:2)
  A kobold (D:1)
  A quokka (D:2)
  3 bats
  3 rats
36 creatures vanquished.

Notes
Turn   | Place    | Note
-------+----------+-------------------------------------------
     0 | D:1      | Diojeanne the Minotaur Berserker began the quest for the Orb.
     0 | D:1      | Reached XP level 1. HP: 19/19 MP: 0/0
   169 | D:1      | Reached XP level 2. HP: 23/27 MP: 1/1
   475 | D:2      | Noticed Sigmund
   530 | D:2      | Reached XP level 3. HP: 29/33 MP: 2/2
   537 | D:2      | Reached ** piety under Trog
   667 | D:2      | Reached skill level 1 in Throwing
   998 | D:3      | Reached XP level 4. HP: 32/41 MP: 3/3
  1054 | D:3      | Slain by an orc priest

Skill      XL: |  1  2  3 |
---------------+----------+-----
Axes           | 4 |  4.4
Armour         | 3 |  3.6
Fighting       | 4 |  4.4
Throwing       | 1 |  1.1
Dodging        | |  2.2

Action                   |  1- 3 |  4- 6 || total
-------------------------+-------+-------++-------
Melee: Hand axe          |    60 |     3 ||    63
       Headbutt          |     9 |     2 ||    11
Throw: Stone             |    64 |     2 ||    66
Invok: Burn Spellbooks   |     1 |       ||     1
 Stab: Sleeping          |     1 |       ||     1
Armor: Animal skin       |    11 |       ||    11
Dodge: Dodged            |    40 |     1 ||    41
